 Dungeon Crawl Stone Soup version 0.26.1-11-gd32895ea62 (webtiles) character file.

Game seed: 10423079777054582509

195 Almogavar the Conjurer (level 5, -5/28 HPs)
             Began as a Deep Elf Conjurer on July 7, 2021.
             Slain by a two-headed ogre
             ... wielding a +0 giant club
              (12 damage)
             ... on level 4 of the Dungeon.
             The game lasted 00:10:24 (3366 turns).

Almogavar the Conjurer (Deep Elf Conjurer)          Turns: 3366, Time: 00:10:26

Health: -5/28      AC:  3    Str:  4    XL:     5   Next: 45%
Magic:  8/13       EV: 13    Int: 24    God:
Gold:   153        SH:  0    Dex: 13    Spells: 3/12 levels left

rFire    . . .     SeeInvis .   g - +1 short sword (holy)
rCold    . . .     Faith    .   (no shield)
rNeg     . . .     Spirit   .   a - +0 robe
rPois    .         Reflect  .   (no helmet)
rElec    .         Harm     .   (no cloak)
rCorr    .         Rampage  .   f - +0 pair of gloves
Will     .....                  (no boots)
Stlth    +++.......             (no amulet)
HPRegen  0.09/turn              q - ring of stealth
MPRegen  0.13/turn              (no ring)

@: no status effects
A: no striking features
a: no special abilities


You were on level 4 of the Dungeon.
You visited 1 branch of the dungeon, and saw 4 of its levels.

You collected 153 gold pieces.

Inventory:

Hand Weapons
 g - a +1 short sword of holy wrath (weapon)
Armour
 a - a +0 robe (worn)
 b - a +0 leather armour
 f - a +0 pair of gloves (worn)
Jewellery
 q - a ring of stealth (left hand)
Wands
 k - a wand of digging (5)
Scrolls
 e - a scroll of blinking
 h - a scroll of fog {unknown}
 i - a scroll of amnesia
 j - 2 scrolls of magic mapping {unknown}
 m - a scroll of enchant armour {unknown}
 n - a scroll of fear {unknown}
 o - a scroll of enchant weapon {unknown}
Potions
 c - 3 potions of might
 d - a potion of curing
 l - a potion of invisibility {unknown}
 p - a potion of lignification {unknown}


   Skills:
 + Level 2.7 Dodging
 + Level 2.6 Stealth
 + Level 4.4 Spellcasting
 + Level 6.5 Conjurations
 * Level 1.1 Translocations


You had 3 spell levels left.
You knew the following spells:

 Your Spells              Type           Power        Failure   Level
a - Magic Dart            Conj           100%         1%          1
b - Searing Ray           Conj           72%          1%          2
c - Blink                 Tloc           N/A          9%          2
d - Iskenderun's Mystic   Conj/Tloc      23%          19%         4

Your spell library contained the following spells:

 Spells                   Type           Power        Failure   Level
 Conjure Flame            Conj/Fire      21%          8%          3
 Dazzling Flash           Conj/Hex       42%          8%          3
 Mephitic Cloud           Conj/Pois/Air  15%          12%         3
 Call Imp                 Summ           5%           14%         2
 Slow                     Hex            5%           14%         2
 Fulminant Prism          Conj/Hex       10%          24%         4


Dungeon Overview and Level Annotations

Branches:
Dungeon (4/15)
 Temple: D:4-7

Altars:
Makhleb
Ru


Message History

Press: ? - help, Shift-Dir - straight line, f - two-headed ogre
Aim: a two-headed ogre, wielding two +0 giant clubs (9% to evade)
The searing ray hits the two-headed ogre.
The two-headed ogre is lightly wounded. (Press . to maintain the ray.)
The searing ray hits the two-headed ogre!
The two-headed ogre is moderately wounded.
The searing ray hits the two-headed ogre!
The two-headed ogre is moderately wounded.
Casting: Searing Ray (safe; 1% risk of failure)
Confirm with . or Enter, or press ? or * to list all spells.
Okay, then.
The searing ray hits the two-headed ogre.
The two-headed ogre is heavily wounded.
You finish channeling your searing ray.
The two-headed ogre hits you with a +0 giant club!!
Ouch! That really hurt!
* * * LOW HITPOINT WARNING * * *
The two-headed ogre hits you with a +0 giant club!
You die...

####......
#.........
#.........
#.........
#.........
#.........
#[.O......
#.@...#
#.....#
#.....#
#.....#
#.......
#........
+.........
#.........


You could see a two-headed ogre.

Vanquished Creatures
  An orc wizard (D:3)
  5 adders
  An ooze (D:1)
  A worm (D:2)
  3 dart slugs
  4 leopard geckos
  6 orcs (D:3)
  22 bats
  8 giant cockroaches
  9 goblins
  6 hobgoblins
  3 jackals (D:1)
  10 kobolds
  A quokka (D:2)
  A ball python (D:3)
  7 frilled lizards
  14 rats
102 creatures vanquished.

Notes
Turn   | Place    | Note
-------+----------+-------------------------------------------
     0 | D:1      | Almogavar the Deep Elf Conjurer began the quest for the
                  | Orb.
     0 | D:1      | Reached XP level 1. HP: 10/10 MP: 6/6
   179 | D:1      | Reached XP level 2. HP: 15/15 MP: 4/8
   371 | D:1      | Reached skill level 5 in Conjurations
   377 | D:1      | Learned a level 2 spell: Searing Ray
   540 | D:1      | Reached XP level 3. HP: 18/19 MP: 4/9
  1534 | D:2      | Reached XP level 4. HP: 24/24 MP: 7/11
  1869 | D:2      | Reached skill level 6 in Conjurations
  2363 | D:2      | Found a burning altar of Makhleb.
  2371 | D:2      | Learned a level 2 spell: Blink
  2376 | D:2      | Learned a level 4 spell: Iskenderun's Mystic Blast
  2595 | D:3      | Found a sacrificial altar of Ru.
  2681 | D:3      | Reached XP level 5. HP: 28/28 MP: 3/13
  2820 | D:3      | Found a faded altar of an unknown god.
  2875 | D:3      | Reached skill level 1 in Translocations
  3360 | D:4      | Noticed a two-headed ogre
  3366 | D:4      | Slain by a two-headed ogre

Illustrated notes

Levels and vault maps discovered:
D:1:      scummos_arrival_forest, layout_loops_cross, serial_bayou_pond_d
D:2:      layout_basic, lemuel_round_altar, grunt_ministairs_12,
          minmay_close_crescents
D:3:      layout_rooms, nicolae_ru_awakened_eye,
          chequers_ecumenical_altar_simple, minmay_guardbox
D:4:      layout_gridville, kennysheep_mini_moat, grunt_gozag_statues,
          kennysheep_mini, temple_fountains, minmay_circle_x

Skill      XL: |  1  2  3  4  5 |
---------------+----------------+-----
Conjurations   | 5 6 |  6.5
Spellcasting   | 4 |  4.4
Translocations | 1 |  1.1
Dodging        | |  2.7
Stealth        | |  2.6

Action                   |  1- 3 |  4- 6 || total
-------------------------+-------+-------++-------
Melee: Short sword       |       |     4 ||     4
 Cast: Magic Dart        |    76 |    69 ||   145
       Searing Ray       |     3 |     8 ||    11
  Use: Scroll            |       |     4 ||     4
Dodge: Dodged            |     8 |     8 ||    16
